 Dungeon Crawl Stone Soup version 0.25-a0-63-gbefff83b7c (webtiles) character file.

Game seed: 8884700840798893178, levelgen mode: deterministic

35 Gargoyl the Skirmisher (level 3, -5/33 HPs)
             Began as a Draconian Abyssal Knight on Nov 1, 2019.
             Was a Follower of Lugonu.
             Slain by Sigmund
             ... wielding a +0 scythe
              (6 damage)
             ... on level 2 of the Dungeon.
             The game lasted 00:01:54 (1269 turns).

Gargoyl the Skirmisher (Draconian Abyssal Knight)   Turns: 1269, Time: 00:01:55

Health: -5/33      AC:  5    Str: 15    XL:     3   Next: 16%
Magic:  4/4        EV:  7    Int: 14    God:    Lugonu [*.....]
Gold:   78         SH: 11    Dex: 10    Spells: 2/2 levels left

rFire    . . .     SeeInvis .   a - +2 hand axe
rCold    . . .     Gourm    .   d - +1 large shield
rNeg     . . .     Faith    .   (armour unavailable)
rPois    +         Spirit   .   (helmet restricted)
rElec    .         Reflect  .   (no cloak)
rCorr    .         Harm     .   (no gloves)
MR       .....                  (no boots)
Stlth    +.........             (no amulet)
HPRegen  0.11/turn              e - +2 ring of intelligence
MPRegen  0.09/turn              f - ring of poison resistance

@: no status effects
A: unfitting armour, cold-blooded, AC +5
a: Depart the Abyss, Renounce Religion


You were on level 2 of the Dungeon.
You worshipped Lugonu.
Lugonu was aware of your devotion.
You were not hungry.

You visited 1 branch of the dungeon, and saw 2 of its levels.
You visited the Abyss 1 time.

You collected 78 gold pieces.

Inventory:

Hand Weapons
 a - a +2 hand axe (weapon)
Armour
 d - a +1 large shield (worn)
Jewellery
 e - a +2 ring of intelligence (left hand)
 f - a ring of poison resistance (right hand)
Comestibles
 b - 3 rations
 c - a chunk of flesh


   Skills:
 + Level 3.7 Fighting
 + Level 2.4 Axes
 * Level 2.6 Dodging
 * Level 2.4 Invocations


You had 2 spell levels left.
You didn't know any spells.
Your spell library was empty.

Dungeon Overview and Level Annotations

Branches:
Dungeon (2/15)

Altars:

Annotations:
D:2 Sigmund


Innate Abilities, Weirdness & Mutations

Your plain brown scales are hard. (AC +5)
You cannot fit into any form of body armour.
You are cold-blooded and may be slowed by cold attacks.


Message History

You block Sigmund's attack.
Your shield prevents you from hitting Sigmund.
Sigmund is lightly wounded.
You hit the bat.
You kill the bat!
Lugonu accepts your kill. Sigmund hits you with a +0 scythe!
Unknown command.
You hit Sigmund.
Sigmund is moderately wounded.
Sigmund hits you with a +0 scythe.
* * * LOW HITPOINT WARNING * * *
You hit Sigmund.
Sigmund is heavily wounded.
You hit Sigmund.
Sigmund is heavily wounded.
Sigmund hits you with a +0 scythe!
* * * LOW HITPOINT WARNING * * *
Sigmund hits you from afar with a +0 scythe.
You die...

###** #..,* #.#,*****
#.#,,,,,* #.#****,* #.#
*,* #@# *,* #.# *,*
######### #@# *,*
........########.#####.*
...................>...#
†.......################
###......# *************
# #......# *,,,,,,,,,,,*
#
#......####,,,,,,,,,,,*
#
#....÷....+,,,,,,,,,,,*
#
#......####,,,,,,,,,,,*


You could see Sigmund.

Vanquished Creatures
  An ooze (D:1)
  A dart slug (D:1)
  3 leopard geckos
  4 bats
  2 giant cockroaches (D:1)
  2 goblins
  3 hobgoblins (D:1)
  5 kobolds (D:1)
  3 frilled lizards
  2 rats (D:1)
26 creatures vanquished.

Notes
Turn   | Place    | Note
-------+----------+-------------------------------------------
     0 | Abyss:1  | Gargoyl the Draconian Abyssal Knight began the quest for
                  | the Orb.
     0 | Abyss:1  | Reached XP level 1. HP: 19/19 MP: 2/2
    55 | Abyss:1  | Noticed a small abomination
    81 | Abyss:2  | Noticed a large abomination
   100 | D:1      | Escaped the Abyss
   444 | D:1      | Reached XP level 2. HP: 24/26 MP: 3/3
   453 | D:1      | Reached * piety under Lugonu
  1023 | D:1      | Reached XP level 3. HP: 33/33 MP: 4/4
  1258 | D:2      | Noticed Sigmund
  1268 | D:2      | HP: 1/33 [Sigmund/+0 scythe (7)]
  1269 | D:2      | Slain by Sigmund

Levels and vault maps discovered:
D:1:      minmay_arrival_up_and_down, layout_basic
D:2:      layout_basic, serial_aquarium, aquarium_bridge_long_joined
          [aquarium_subvault_window, aquarium_subvault_window,
          aquarium_subvault_wall, aquarium_subvault_bridge,
          aquarium_subvault_balcony, aquarium_subvault_bridge],
          aquarium_window_fake, aquarium_window_2, aquarium_window_fake,
          aquarium_view_2g, aquarium_view_2d, aquarium_pool_1, uniq_sigmund

Action                   || total
-------------------------++-------
Melee: Hand axe          ||    69
       Tailslap          ||     9
Invok: Depart the Abyss  ||     1
  Use: Scroll            ||     6
  Eat: Chunk             ||     1
Armor: Skin              ||    25
Dodge: Dodged            ||    46
Block: Large shield      ||     5

Table legend:
 A = Non-vault XP
 B = Vault XP
 C = Vault XP percentage of total XP
 D = Non-vault monster count
 E = Vault monster count
 F = Vault count percentage of total count
                 A         B        C        D         E       F
            +---------+---------+-------+---------+---------+-------
      Total |      50 |       0 |   0.0 |      26 |       0 |   0.0
            +---------+---------+-------+---------+---------+-------
        D:1 |      43 |       0 |   0.0 |      22 |       0 |   0.0
        D:2 |       7 |       0 |   0.0 |       4 |       0 |   0.0
            +---------+---------+-------+---------+---------+-------
